 Dungeon Crawl Stone Soup version 0.18-a0-5-gf1fb587 (webtiles) character file.

274 Goblin1989 the Twirler (level 6, -1/35 HPs)
             Began as a Gargoyle Gladiator on Oct 31, 2015.
             Slain by an ice beast (12 damage)
             ... on level 5 of the Dungeon.
             The game lasted 00:10:24 (3267 turns).

Goblin1989 the Twirler (Gargoyle Gladiator)         Turns: 3267, Time: 00:10:24

Health: -1/35      AC: 11    Str: 18    XL:     6   Next: 24%
Magic:  6/6        EV: 16    Int: 11    God:
Gold:   169        SH:  0    Dex: 15    Spells: 0 memorised, 5 levels left

rFire  . . .     SeeInvis .     a - +0 quarterstaff
rCold  . . .     Clarity  .     i - +0 ring mail
rNeg   + + .     SustAt   .     (no shield)
rPois  ∞         Gourm    .     c - +0 helmet
rElec  +         Spirit   .     s - +0 cloak
rCorr  .         Warding  +     (no gloves)
rMut   .         Stasis   .     (no boots)
MR     .....                    g - amulet of warding
Stlth  ++........               (no ring)
                                (no ring)

@: agile, not resistant to hostile enchantments, unstealthy
A: negative energy resistance 1, electricity resistance, unbreathing,
petrification resistance, rot immunity, AC +4
a: no special abilities


You were on level 5 of the Dungeon.
You were near starving.

You visited 1 branch of the dungeon, and saw 5 of its levels.

You collected 169 gold pieces.

Inventory:

Hand Weapons
 a - a +0 quarterstaff (weapon)
Missiles
 b - 62 stones (quivered)
 d - 3 throwing nets
Armour
 c - a +0 helmet (worn)
 i - a +0 ring mail (worn)
 s - a +0 cloak (worn)
Jewellery
 g - an amulet of warding (around neck)
 x - the cursed necklace of Bloodlust {*Rage +Rage MR+ Str+2 Int-2 Slay+3 *Curse}
   (You found it on level 4 of the Dungeon)

   [amulet of rage]

   It affects your strength (+2).
   It affects your intelligence (-2).
   It affects your accuracy and damage with ranged weapons and melee attacks
   (+3).
   It affects your resistance to hostile enchantments.
   It lets you go berserk.
   It may make you go berserk in combat.
   It may re-curse itself when equipped.
   It has a curse placed upon it.
Scrolls
 e - 3 scrolls of identify {unknown}
 m - 4 scrolls of teleportation {unknown}
 o - a scroll of blinking {unknown}
 p - 2 scrolls of enchant weapon {unknown}
 q - 4 scrolls of immolation {unknown}
 t - a scroll of remove curse {unknown}
 w - a scroll of recharging {unknown}
 y - a scroll of noise {unknown}
Potions
 h - a potion of lignification {unknown}
 k - 2 potions of heal wounds
 l - a potion of degeneration {unknown}
 r - 2 potions of haste
 u - a potion of mutation {unknown}
 v - a potion of berserk rage {unknown}
 A - a potion of curing
 B - a potion of brilliance {unknown}
Comestibles
 f - 3 bread rations
 n - a beef jerky
 z - a slice of pizza


   Skills:
 - Level 2.1 Fighting
 + Level 6.8 Staves
 - Level 1.7 Throwing
 - Level 2.4 Dodging


You had 5 spell levels left.
You didn't know any spells.

Dungeon Overview and Level Annotations

Branches:
Dungeon (5/15)
 Temple: D:4-7

Altars:
Elyvilon
Makhleb
Sif Muna
Zin

Annotations:
D:5 Edmund


Innate Abilities, Weirdness & Mutations

You are resistant to torment.
Your stone body is resilient (AC +4).
You are immune to poison.
You resist negative energy.
You are resistant to electric shocks.
You can survive without breathing.
You are immune to petrification.
You are immune to rotting.


Message History

You completely miss Edmund.
Edmund is moderately wounded.
Edmund closely misses you. The giant gecko misses you.
The ice beast hits you but does no damage.
The crimson imp shouts!
You hit Edmund but do no damage.
Edmund is moderately wounded.
Edmund misses you.
The giant gecko bites you but does no damage.
The ice beast hits you. The ice beast freezes you!
You hit Edmund but do no damage.
Edmund is moderately wounded.
Edmund hits you but does no damage.
The giant gecko bites you but does no damage.
The ice beast hits you but does no damage.
You sock Edmund!
Edmund is heavily wounded.
Edmund misses you. The giant gecko completely misses you.
The ice beast hits you. The ice beast freezes you!
You die...

.. ######) ...#...
..# ....... .>.#
#.#... #..# #..5..
#..#..
#..@#####..#.###
####..Y@......#...#
!.....l.......>.#
######..###.†##.#
##.# #..##.# #..
#..##.# ##.
#.....#+######
..##.##........# ..
#.##..<.....#
...#.##....<...#


You could see Edmund, an ice beast, a crimson imp and a giant gecko.

Vanquished Creatures
  A jelly (D:5)
  A hound (D:2)
  3 worker ants
  6 adders
  An ooze (D:2)
  4 worms
  3 giant geckos
  2 ball pythons
  9 bats
  4 hobgoblins
  13 jackals
  6 kobolds
  2 quokkas
  A giant gecko skeleton (D:4)
  A giant newt (D:1)
  9 goblins
  10 rats
76 creatures vanquished.

Notes
Turn   | Place    | Note
--------------------------------------------------------------
     0 | D:1      | Goblin1989 the Gargoyle Gladiator began the quest for the Orb.
     0 | D:1      | Reached XP level 1. HP: 12/12 MP: 1/1
   285 | D:1      | Reached XP level 2. HP: 17/17 MP: 2/2
   918 | D:2      | Reached skill level 4 in Staves
  1072 | D:2      | Reached XP level 3. HP: 21/21 MP: 3/3
  1293 | D:2      | Found a white marble altar of Elyvilon.
  1329 | D:2      | Reached XP level 4. HP: 26/26 MP: 4/4
  1416 | D:2      | Found a burning altar of Makhleb.
  1426 | D:2      | Reached skill level 5 in Staves
  1746 | D:2      | Reached XP level 5. HP: 20/30 MP: 5/5
  2468 | D:4      | Reached skill level 6 in Staves
  2576 | D:4      | Found a deep blue altar of Sif Muna.
  2810 | D:4      | Found a glowing silver altar of Zin.
  3145 | D:5      | Entered Level 5 of the Dungeon
  3150 | D:5      | Reached XP level 6. HP: 26/35 MP: 6/6
  3248 | D:5      | Noticed Edmund
  3251 | D:5      | Noticed an ice beast
  3259 | D:5      | Noticed an ogre
  3267 | D:5      | Slain by an ice beast

Vault maps used:
D:1:      dpeg_arrival_boxorama, serial_glass, glass_columns_a, glass_columns_a,
          glass_columns_a, glass_columns_a, kennysheep_decorative_pillar,
          minivault_27, fountainhead
D:2:      makhleb_blood_cavern_becter, elyvilon_altar_4, first_bread
D:3:      hangedman_decor_lopped, serial_bayou_pond_e
D:4:      zin_statuary, old_standard_altar, minmay_stone_trees_small
D:5:      cheibrodos_ashenzari_chains, uniq_edmund, uniq_menkaure

Action                   |  1- 3 |  4- 6 || total
-------------------------+-------+-------++-------
Melee: Quarterstaff      |   121 |   193 ||   314
  Use: Potion            |     5 |     1 ||     6
 Stab: Invisible         |     1 |       ||     1
  Eat: Bread ration      |     1 |       ||     1
       Chunk             |       |     2 ||     2
